 Dungeon Crawl Stone Soup version 0.30.2 (webtiles) character file.

Game seed: 2616541684350521674

25 porpoise the Shooter (level 3, 0/22 HPs)
             Began as a Tengu Hunter on Mar 2, 2024.
             Slain by a kobold
             ... wielding a +0 dagger
              (2 damage)
             ... on level 2 of the Dungeon.
             The game lasted 00:02:05 (587 turns).

porpoise the Shooter (Tengu Hunter)                  Turns: 587, Time: 00:02:06

Health: 0/22       AC:  4    Str: 11    XL:     3   Next: 6%
Magic:  4/4        EV: 12    Int:  9    God:
Gold:   45         SH:  0    Dex: 19    Spells: 2/2 levels left

rFire   . . .        a - +0 shortbow
rCold   . . .        (shield currently unavailable)
rNeg    . . .        c - +0 leather armour
rPois   .            (helmet restricted)
rElec   .            (no cloak)
rCorr   .            g - +0 pair of gloves
SInv    .            (boots unavailable)
Will    .....        (no amulet)
Stlth   ++           (no ring)
HPRegen 0.23/turn    (no ring)
MPRegen 0.09/turn

%: no passive effects
@: no status effects
A: beak, talons 3
a: no special abilities


You were on level 2 of the Dungeon.
You visited 1 branch of the dungeon, and saw 2 of its levels.

You collected 45 gold pieces.

Inventory:

Hand Weapons
 a - a +0 shortbow (weapon)
Armour
 c - a +0 leather armour (worn)
 g - a +0 pair of gloves (worn)
Scrolls
 b - a scroll of immolation
 e - a scroll of identify {unknown}
Potions
 d - a potion of heal wounds {unknown}
 f - a potion of ambrosia {unknown}
 h - a potion of haste {unknown}


   Skills:
 + Level 2.4 Fighting
 * Level 4.9 Ranged Weapons
 - Level 2.1 Dodging
 + Level 1.6 Stealth


You had 2 spell levels left.
You didn't know any spells.
Your spell library was empty.

Dungeon Overview and Level Annotations

Branches:
Dungeon (2/15)

Altars:


Innate Abilities, Weirdness & Mutations

You have a beak for a mouth.
You have claws for feet.


Message History

The adder bites you. The kobold hits you but does no damage.
You shoot an arrow. The arrow hits the adder.
The adder is moderately wounded.
You feel sick. The adder bites you but does no damage.
The kobold hits you with a +0 dagger. The adder bites you.
You are too injured to fight recklessly!
You are too injured to fight recklessly!
You are too injured to fight recklessly!
Unknown command.
You shoot an arrow. The arrow hits the adder.
The adder is heavily wounded.
You feel sick. The kobold hits you with a +0 dagger.
* * * LOW HITPOINT WARNING * * *
The adder bites you but does no damage. x2; The kobold barely misses you.
You shoot an arrow. The arrow hits the adder.
The adder is almost dead.
You feel sick.
You are no longer poisoned.
The adder closely misses you. The kobold closely misses you.
The adder closely misses you.
You shoot an arrow. The arrow closely misses the adder.
The kobold hits you but does no damage. The adder bites you.
* * * LOW HITPOINT WARNING * * *
You shoot an arrow. The arrow barely misses the adder.
The adder bites you but does no damage. The kobold hits you but does no damage.
The adder bites you.
* * * LOW HITPOINT WARNING * * *
The kobold completely misses you.
You shoot an arrow. The arrow barely misses the adder.
The adder closely misses you. The kobold misses you.
You shoot an arrow. The arrow hits the adder.
The adder is almost dead.
The adder barely misses you. The kobold hits you but does no damage.
The adder closely misses you.
You shoot an arrow. The arrow closely misses the adder.
The adder misses you. The kobold hits you but does no damage.
The adder bites you but does no damage. The kobold barely misses you.
You shoot an arrow. The arrow misses the adder.
The adder barely misses you. The kobold hits you with a +0 dagger.
You die...

## .. #. #.
#.##.########
#...S@K.....#
...>...######.#
#######


You could see an adder and a kobold.

Vanquished Creatures
  A dart slug (D:1)
  2 ball pythons (D:1)
  2 bats (D:1)
  4 endoplasms (D:1)
  3 giant cockroaches (D:1)
  2 hobgoblins (D:1)
  2 kobolds (D:1)
  A quokka (D:1)
  A frilled lizard (D:1)
  2 rats (D:1)
20 creatures vanquished.

Notes
Turn   | Place    | Note
-------+----------+-------------------------------------------
     0 | D:1      | porpoise the Tengu Hunter began the quest for the Orb.
     0 | D:1      | Reached XP level 1. HP: 12/12 MP: 2/2
    40 | D:1      | Reached XP level 2. HP: 5/17 MP: 3/3
   434 | D:1      | Reached XP level 3. HP: 22/22 MP: 4/4
   583 | D:2      | HP: 1/22 [adder (3)]
   587 | D:2      | Slain by a kobold

Illustrated notes

Levels and vault maps discovered:
D:1:      minmay_arrival_floating_metal, layout_rooms
D:2:      layout_loops_cross, serial_shops, shop, kennysheep_cluttered_room,
          minmay_ruptured, uniq_sigmund, uniq_natasha

Action                     || total
---------------------------++-------
   Fire: Shortbow          ||    68
 Armour: Leather armour    ||    17
  Dodge: Dodged            ||    31
